 Dungeon Crawl Stone Soup version 0.17-a0-670-g5d95ebd (webtiles) character file.

524147 nubinia the Eclecticist (level 25, -11/163 HPs)
             Began as an Octopode Fire Elementalist on Apr 13, 2015.
             Was the Champion of Vehumet.
             Mangled by a phantasmal warrior (25 damage)
             ... while paralysed by a sphinx
             ... on level 4 of the Vaults on Apr 18, 2015.
             The game lasted 13:55:09 (100399 turns).

nubinia the Eclecticist (OpFE)                    Turns: 100399, Time: 13:55:10

Health: -11/163    AC: 12    Str: 18    XL:     25   Next: 99%
Magic:  0/88       EV:  5    Int: 27    God:    Vehumet [******]
Gold:   562        SH:  0    Dex: 37    Spells: 20 memorised, 6 levels left

rFire  + . .     SeeInvis .     b - +11 hunting sling of Modesty {flame, MP+9 Int+3 Dex+3}
rCold  . . .     Clarity  .     M - +2 shield {rN+}
rNeg   + + .     SustAb   +     H - +2 hat {Spirit}
rPois  +         Gourm    .     l - amulet of warding
rElec  .         Spirit   +     o - +5 ring of protection
rCorr  .         Warding  +     F - ring "Futoo" {MP+9 Str+4 Dex+4}
rMut   .         Stasis   .     T - +3 ring of protection
MR     +....                    X - ring of Linearity {Dex+7 Stlth+}
Stlth  +++++++++.               A - ring of Rypuc {rF+ MP+9 Int+2}
                                n - +4 ring of dexterity
                                y - ring of poison resistance
                                W - ring "Fearheu" {SustAb MP+9 Str+6}

@: paralysed, phasing, vulnerable, slowed, delayed fireball, deflect missiles,
somewhat resistant to hostile enchantments, incredibly stealthy
A: almost no armour, amphibious, 8 rings, constrict 8, antennae 2, icy blue
scales 1, camouflage 1, agile 1, high mp 1, magic resistance 1, sense
surroundings 2, robust 1, weak 1, gelatinous body 1, MP-powered wands
a: Renounce Religion, Release Delayed Fireball
}: 2/15 runes: barnacled, gossamer


You were on level 4 of the Vaults.
You worshipped Vehumet.
Vehumet was exalted by your worship.
You were very full.

You visited 10 branches of the dungeon, and saw 52 of its levels.
You also visited: Trove, Bailey and Volcano.

You collected 7071 gold pieces.
You spent 6509 gold pieces at shops.

Inventory:

Hand weapons
 a - a +2 dagger of protection
 b - the +11 hunting sling of Modesty (weapon) {flame, MP+9 Int+3 Dex+3}
   (You found it on level 3 of the Elven Halls)

   It causes projectiles fired from it to burn those they strike, causing extra
   injury to most foes and up to half again as much damage against particularly
   susceptible opponents.
   It affects your intelligence (+3).
   It affects your dexterity (+3).
   It affects your magic capacity (+9).
 p - the +11 dagger "Akhlinto" {freeze, Contam +Rage +Inv Str-3}
   (You took it off a spriggan air mage on level 2 of the Depths)

   It has been specially enchanted to freeze those struck by it, causing extra
   injury to most foes and up to half again as much damage against particularly
   susceptible opponents.
   It can also slow down cold-blooded creatures.
   It affects your strength (-3).
   It lets you turn invisible.
   It lets you go berserk.
   It causes magical contamination when unequipped.
 s - the +1 blowgun of Flawed Execution {evade, rPois rF+++ Stlth-}
   (You bought it in a shop on level 4 of the Orcish Mines)

   It affects your evasion (+5 to EV).
   It renders you almost immune to fire.
   It protects you from poison.
   It makes you less stealthy.
Missiles
 z - 9 curare-tipped needles
 J - 231 sling bullets (quivered)
Armour
 H - a +2 hat of spirit shield (worn)
 M - a +2 shield of positive energy (worn)
Jewellery
 f - an uncursed ring of teleport control
 g - an uncursed amulet of the gourmand
 h - an uncursed ring of protection from cold
 l - an amulet of warding (around mantle)
 n - a +4 ring of dexterity (on tentacle)
 o - a +5 ring of protection (left tentacle)
 w - an uncursed ring of positive energy
 y - a ring of poison resistance (on tentacle)
 A - the ring of Rypuc (on tentacle) {rF+ MP+9 Int+2}
   (You found it in a treasure trove)

   [ring of magical power]

   It affects your intelligence (+2).
   It protects you from fire.
   It affects your magic capacity (+9).
 C - the amulet of Xom's Best Wishes {rMut rElec}
   (You found it in a treasure trove)

   [amulet of resist mutation]

   It protects you from mutation.
   It insulates you from electricity.
 F - the ring "Futoo" (right tentacle) {MP+9 Str+4 Dex+4}
   (You bought it in a shop on level 4 of the Orcish Mines)

   [ring of dexterity]

   It affects your strength (+4).
   It affects your dexterity (+4).
   It affects your magic capacity (+9).
 I - an uncursed ring of protection from cold
 K - an uncursed ring of magical power
 L - a +6 ring of slaying
 N - an uncursed ring of see invisible
 O - an uncursed amulet of regeneration
 P - the amulet "Dece" {Stasis +Inv +Fly Dex+3}
   (You took it off a deep elf death mage on level 3 of the Elven Halls)

   [amulet of stasis]

   It prevents you from being teleported, slowed, hasted or paralysed.
   It affects your dexterity (+3).
   It lets you turn invisible.
   It lets you fly.
 S - an uncursed ring of fire
 T - a +3 ring of protection (on tentacle)
 W - the ring "Fearheu" (on tentacle) {SustAb MP+9 Str+6}
   (You found it on level 8 of the Lair of Beasts)

   [ring of sustain abilities]

   It sustains your strength, intelligence and dexterity.
   It affects your strength (+6).
   It affects your magic capacity (+9).
 X - the ring of Linearity (on tentacle) {Dex+7 Stlth+}
   (You found it in a treasure trove)

   [ring of stealth]

   It affects your dexterity (+7).
   It makes you more stealthy.
Magical devices
 V - a wand of cold (9)
 Y - a wand of fire (11)
Scrolls
 e - 6 scrolls of magic mapping
 r - 7 scrolls of recharging
 t - 3 scrolls of identify
 v - 4 scrolls of teleportation
 B - 12 scrolls of remove curse
 G - 4 scrolls of blinking
Potions
 d - 9 potions of heal wounds
 i - 5 potions of resistance
 k - 5 potions of haste
 q - 5 potions of magic
 u - 24 potions of curing
 x - 5 potions of agility
 D - 2 potions of invisibility
 E - 11 potions of restore abilities
Books
 j - a book of Dreams

   Spells                             Type                      Level
   a - Ensorcelled Hibernation        Hexes/Ice                    2
   b - Flight                         Charms/Air                   3
   c - Phase Shift                    Translocation                5
   d - Shadow Creatures               Summoning                    5
   e - Mass Confusion                 Hexes                        6
   f - Darkness                       Hexes                        7
Miscellaneous
 c - a phial of floods
 U - a lamp of fire
 Z - a fan of gales (inert)
Comestibles
 m - 54 fruits


   Skills:
 + Level 6.5 Fighting
 + Level 5.1 Short Blades
   Level 1.7 Polearms
 - Level 5.6(6.0) Slings
 - Level 3.1(4.8) Throwing
 + Level 12.6 Dodging
 + Level 15.7 Stealth
 + Level 11.1 Shields
 - Level 0.2 Unarmed Combat
 + Level 20.3 Spellcasting
 + Level 19.2 Conjurations
 + Level 12.3 Charms
 + Level 17.2 Summonings
 + Level 5.3 Translocations
 + Level 16.0 Fire Magic
 + Level 5.0 Air Magic
 - Level 5.0 Poison Magic
 + Level 7.5 Evocations


You had 6 spell levels left.
You knew the following spells:

 Your Spells              Type           Power        Failure   Level  Hunger
a - Magic Dart            Conj           ####         0%          1    None
b - Throw Flame           Conj/Fire      ######       0%          2    None
c - Conjure Flame         Conj/Fire      #######.     0%          3    None
d - Sticky Flame          Conj/Fire      #######.     1%          4    None
e - Deflect Missiles      Chrm/Air       ######....   12%         6    #......
f - Fireball              Conj/Fire      #######...   1%          5    None
g - Shroud of Golubria    Chrm/Tloc      ######....   1%          2    None
h - Blink                 Tloc           N/A          1%          2    None
i - Iskenderun's Battles  Conj/Chrm      #######.     1%          5    None
j - Summon Butterflies    Summ           #######.     0%          1    None
k - Delayed Fireball      Conj/Fire      N/A          1%          7    ####...
l - Swiftness             Chrm/Air       ######..     1%          2    None
m - Monstrous Menagerie   Summ           #######...   1%          6    #......
n - Iskenderun's Mystic   Conj           #######.     0%          4    None
o - Apportation           Tloc           ######....   1%          1    None
p - Phase Shift           Tloc           ######....   10%         5    None
r - Repel Missiles        Chrm/Air       ######       1%          2    None
s - Sting                 Conj/Pois      ####         0%          1    None
t - Flame Tongue          Conj/Fire      #####        0%          1    None
D - Dazzling Spray        Conj/Hex       ######..     1%          3    None


Dungeon Overview and Level Annotations

Branches:
Dungeon (15/15)            Temple (1/1) D:7            Lair (8/8) D:8
 Shoals (5/5) Lair:6       Spider (5/5) Lair:6        Slime (0/6) Lair:8
    Orc (4/4) D:9             Elf (3/3) Orc:3        Vaults (5/5) D:13
  Crypt (3/3) Vaults:3       Tomb (0/3) Crypt:3      Depths (3/5) D:15

Altars:
Ashenzari
Cheibriados
Dithmenos
Elyvilon
Fedhas
Gozag
Kikubaaqudgha
Makhleb
Nemelex Xobeh
Okawaru
Qazlal
Ru
Sif Muna
Trog
Vehumet
Xom
Yredelemnul
Zin
The Shining One
Beogh

Shops:
D:7 *   Orc:2 %   Orc:4 =*(:[}   Shoals:2 :   Shoals:5 :   Vaults:1 (
Vaults:2 %   Depths:1 **   Depths:3 =*?=%

Portals:
Hell: Depths:1 Depths:2 Depths:3
Abyss: Depths:1 Depths:2
Pandemonium: Depths:3

Annotations:
Orc:4 Saint Roka


Innate Abilities, Weirdness & Mutations

You cannot wear most types of armour.
You are amphibious.
You can wear up to eight rings at the same time.
You can use your tentacles to constrict eight enemies at once.
Your skin changes colour to match your surroundings (Stealth).
Your rubbery body absorbs attacks (AC +1).
You have a pair of antennae on your head.
You are partially covered in icy blue scales (AC +1).
You are agile. (Dex +2)
You have an increased reservoir of magic (+10% MP).
You are resistant to hostile enchantments.
You passively map the area around you.
You are robust (+10% HP).
You are weak. (Str -2)
You expend magic power (3 MP) to strengthen your wands.


Message History

The balrug gestures at you. Something smites you!
The phantasmal warrior blinks!
You block the sphinx's attack. The sphinx misses you. The sphinx misses you.
The sphinx mumbles some strange words.
You suddenly lose the ability to move!
The sphinx hits you but does no damage. The sphinx hits you!
The sphinx hits you. The ettin hits you with a dire flail!!!
The ettin hits you with a dire flail of protection!
The phantasmal warrior hits you! The balrug gestures at you.
Something smites you! The ettin hits you with a dire flail!!
The ettin hits you with a dire flail of protection!!
* * * LOW HITPOINT WARNING * * *
The sphinx hits you!!
* * * LOW HITPOINT WARNING * * *
The sphinx hits you.
* * * LOW HITPOINT WARNING * * *
The sphinx hits you but does no damage. The phantasmal warrior hits you!!
You die...

#......#....)).....#....[########
*###################.....########
#.....##.#.'.#
###################..[..#..#.#.'
#...)..[..##......#.....##+#.#.#
#...#####'##....).'.....#....#..
#..[#.#.#.##....[.#.....##'#####
#.###§#'#3##..CW..#....)'....'..
#)#.'[.4[.[#2oH@..'.....###'.#.#
#.###.>[.3x[[†.3..#.....#..#.#.+
#.#['.[...4########.....##.#.#.#
#.###....<.# #.....########
#.#.'.[....# #.....##......
#[###[#'#'#########.....##......
#(()#.#.#.##......#.....##......
#..§########......#.....##......
#....^....##......#.....##......


You could see a sphinx, a balrug, an ettin, a soul eater, an ice devil, an
octopode, a phantasmal warrior, a rust devil and an orc warrior.

Vanquished Creatures
  An ancient lich (Crypt:3)
  A golden dragon (Depths:2)
  Nikola (Vaults:1)
  Arachne (Spider:2)
  A bone dragon (Crypt:3)
  2 sphinxes
  Jorgrun (Vaults:1)
  A tentacled monstrosity (Vaults:4)
  7 liches
  Asterion (Vaults:1)
  A titan (Depths:2)
  3 deep elf blademasters
  A deep elf master archer (Elf:3)
  An octopode crusher (Shoals:1)
  11 ancient champions
  A kraken (Shoals:5)
  4 shadow dragons
  5 tengu reavers
  The ghost of Fusha the Brawler, a mighty TrAK of Lugonu (Depths:1)
  A storm dragon (Depths:2)
  5 fire giants
  Ilsuiw (Shoals:5)
  2 revenants
  12 frost giants
  Donald (Spider:4)
  15 vault wardens
  6 deep elf sorcerers (Elf:3)
  Maud (D:12)
  3 ghost moths (Spider:5)
  2 curse skulls
  3 orc warlords
  3 ghouls (Crypt:1)
  5 emperor scorpions
  A spriggan defender (Depths:2)
  19 ironheart preservers
  12 stone giants
  7 rakshasas
  A caustic shrike skeleton (Depths:1)
  A war gargoyle (Vaults:3)
  10 very ugly things
  6 vampire knights
  10 deep elf demonologists
  7 deep elf annihilators (Elf:3)
  A green death (Depths:2)
  Snorg (Orc:2)
  5 merfolk javelineers
  10 yaktaur captains
  8 deep elf death magi
  6 eidola
  7 fire dragons
  6 merfolk impalers
  A very ugly thing zombie (Depths:1)
  A blizzard demon (Vaults:5)
  32 vault guards
  2 quicksilver dragon zombies (Depths:1)
  9 ettins
  3 deep elf high priests (Elf:3)
  13 great orbs of eyes
  13 jiangshi
  6 entropy weavers
  10 ice dragons
  3 hydras
  A quicksilver dragon skeleton (Crypt:3)
  9 centaur warriors
  Erolcha (D:8)
  3 spriggan air magi
  3 satyrs
  A satyr (shapeshifter) (Elf:3)
  7 merfolk avatars
  7 merfolk aquamancers
  A death knight (Crypt:1)
  An alligator snapping turtle (Shoals:5)
  5 deep troll earth magi
  7 deep troll shamans
  15 ogre magi
  2 alligators (shapeshifter)
  5 tengu warriors
  13 dancing weapons (Elf:2)
  A salamander stormcaller (Vaults:1)
  9 vampire magi
  6 spriggan berserkers
  5 orc high priests
  9 hell knights
  A fire crab (Lair:5)
  3 shadow wraiths
  32 skeletal warriors
  14 deep elf knights
  12 flayed ghosts
  A storm dragon skeleton (Crypt:1)
  5 soul eaters
  A golden dragon zombie (Depths:1)
  The ghost of kal9871 the Nimble, an experienced SpAK of Lugonu (D:8)
  10 sea snakes
  An iron troll (Depths:2)
  11 deep trolls
  11 deep elf summoners
  3 giant orange brains
  2 unseen horrors
  2 giant orange brains (shapeshifter)
  31 harpies
  A golden dragon skeleton (Crypt:3)
  A lindwurm (shapeshifter) (Depths:2)
  2 anaconda skeletons (Crypt:3)
  2 wizards
  5 hill giants
  17 deep elf conjurers
  16 necromancers
  A faun (shapeshifter) (Elf:2)
  25 wolf spiders
  21 orc knights
  4 phantasmal warriors
  A stone giant zombie (Depths:1)
  52 ugly things
  A large abomination (Crypt:3)
  21 fauns
  7 orc sorcerers
  17 ironbrand convokers
  5 oklob plants (Lair:8)
  A water nymph (shapeshifter) (Elf:1)
  14 orb spiders
  4 tengu skeletons
  6 manticores
  An iron dragon zombie (Crypt:3)
  A fire giant zombie (Crypt:1)
  2 frost giant zombies
  12 hornets
  12 sirens
  5 elephants
  The ghost of Fluffy the Ruffian, an experienced TrMo (D:5)
  A shining eye (shapeshifter) (Vaults:4)
  16 griffons
  6 water nymphs
  7 cyclopes
  An elf zombie (Depths:1)
  2 drowned souls
  An iron dragon skeleton (Crypt:3)
  A centaur zombie (D:15)
  A guardian serpent (shapeshifter) (Depths:3)
  4 fire giant skeletons
  2 stone giant skeletons (Crypt:3)
  A salamander (shapeshifter) (Elf:2)
  9 vault sentinels
  2 frost giant skeletons
  4 black mambas
  13 spiny frogs
  4 human skeletons
  2 dire elephant skeletons (Crypt:3)
  2 black mambas (shapeshifter)
  A torpor snail (Spider:5)
  2 gargoyles
  12 komodo dragons
  6 kobold demonologists
  An elf (shapeshifter) (Depths:1)
  A red draconian zombie (Crypt:3)
  A yaktaur (shapeshifter) (Elf:2)
  3 fire drakes
  10 demonic crawlers
  An alligator snapping turtle skeleton (Crypt:1)
  51 yaktaurs
  22 deep elf priests
  9 freezing wraiths
  2 tengu conjurers
  A yaktaur skeleton (Vaults:4)
  A catoblepas skeleton (Crypt:1)
  17 jumping spiders
  A queen bee (shapeshifter) (Depths:2)
  5 spriggan druids
  2 wind drakes
  24 merfolk
  5 polar bears
  6 trolls
  A blue devil (Depths:1)
  A two-headed ogre (shapeshifter) (Vaults:4)
  24 two-headed ogres
  11 boulder beetles
  An ettin zombie (Crypt:2)
  A fire giant simulacrum (Vaults:4)
  8 snapping turtles
  A minotaur skeleton (Crypt:3)
  A tengu simulacrum (Depths:1)
  2 death drake skeletons
  3 ice dragon zombies
  A bog body (Crypt:1)
  A stone giant simulacrum (Vaults:3)
  A spriggan zombie (Depths:1)
  A satyr zombie (Crypt:1)
  10 blink frogs
  A spectral manticore (Crypt:2)
  17 ravens
  38 slime creatures
  A deep troll zombie (Depths:1)
  3 flying skulls (Crypt:3)
  A harpy skeleton (Crypt:3)
  2 shadows
  An air elemental (Depths:3)
  2 ettin skeletons (Crypt:3)
  A centaur simulacrum (D:15)
  59 redbacks
  A human simulacrum (Vaults:2)
  A tarantella (shapeshifter) (D:14)
  21 tarantellas
  A guardian serpent skeleton (Crypt:2)
  9 wraiths
  An ice dragon skeleton (Crypt:3)
  23 spriggans
  19 deep elf magi
  16 trapdoor spiders
  10 water elementals
  56 yaks
  5 vampires
  3 golden eyes (shapeshifter)
  25 wolves
  2 hogs (shapeshifter)
  13 vampire mosquitoes
  A hill giant zombie (D:13)
  A mottled dragon (Vaults:2)
  11 hippogriffs
  4 hungry ghosts
  3 wyverns
  A salamander skeleton (Vaults:4)
  28 deep elf fighters
  8 wargs
  4 basilisks
  A putrid demonspawn zombie (Crypt:1)
  13 water moccasins
  A harpy simulacrum (Crypt:1)
  3 deep troll skeletons
  A merfolk skeleton (Crypt:3)
  An ogre skeleton (Depths:1)
  2 human zombies
  60 orc warriors
  4 sky beasts
  14 porcupines
  3 phantoms
  21 spiders
  An ice beast (shapeshifter) (Depths:1)
  A putrid demonspawn skeleton (Crypt:2)
  9 black bears
  16 wasps
  3 necrophages
  13 centaurs
  An ice beast (D:7)
  4 boring beetles
  48 ogres
  A snapping turtle zombie (Crypt:3)
  13 boggarts
  A snapping turtle skeleton (Crypt:3)
  A boring beetle (shapeshifter) (Vaults:2)
  4 lost souls
  An anubis guard skeleton (Crypt:2)
  2 swamp dragon skeletons (Crypt:3)
  A brain worm (shapeshifter) (Vaults:4)
  12 crocodiles
  A yaktaur zombie (Depths:1)
  14 big kobolds
  A fire crab zombie (Crypt:1)
  19 giant frogs
  A wyvern zombie (D:9)
  2 cyclops zombies
  2 gnoll sergeants
  3 elf skeletons
  11 killer bees
  A water moccasin skeleton (D:7)
  10 scorpions
  25 wights
  2 troll zombies
  A polar bear zombie (Crypt:2)
  4 electric eels
  A snapping turtle simulacrum (Crypt:3)
  A spriggan skeleton (Crypt:3)
  A wolf zombie (Crypt:1)
  3 goliath beetles
  4 crimson imps
  A gnoll shaman (Orc:4)
  5 quasits
  3 giant frog zombies
  An elf simulacrum (Crypt:3)
  38 orc priests
  3 centaur skeletons
  3 jellies
  42 orc wizards
  13 worker ants
  4 giant frog skeletons
  2 hounds
  Terence (D:3)
  A hell rat (Vaults:2)
  8 iguanas
  14 sheep
  A killer bee zombie (D:7)
  5 ogre zombies (D:9)
  A big kobold zombie (Crypt:3)
  A deep dwarf zombie (Crypt:3)
  A sky beast zombie (D:13)
  3 hound skeletons
  A hound zombie (D:5)
  A mummy (D:11)
  19 gnolls
  A scorpion zombie (D:13)
  50 river rats
  15 adders
  6 shadow imps
  12 white imps (Orc:1)
  A worm (D:1)
  A lava snake zombie (Crypt:3)
  15 orc zombies
  An ooze (D:4)
  189 orcs
  15 bats
  6 giant cockroaches
  30 goblins
  33 hobgoblins
  15 jackals
  4 quokkas
  4 ball pythons
  4 giant geckos
  2 giant gecko skeletons
  6 giant newts
  2 giant spores
  A goblin skeleton (D:9)
  A goblin zombie (D:9)
  3 hobgoblin skeletons (D:9)
  3 hobgoblin zombies
  A jackal skeleton (Crypt:2)
  41 kobolds
  A kobold skeleton (Crypt:3)
  3 orc skeletons
  15 rats
  2 ballistomycetes (D:11)
  A butterfly (Lair:5)
  4 fungi (Depths:2)
  5 plants
  A tentacle (Shoals:5)
2579 creatures vanquished.

Vanquished Creatures (collateral kills)
  Rupert (Orc:4)
  A kraken (Shoals:3)
  A frost giant (Depths:2)
  A ghost moth (Spider:5)
  A fire giant (Vaults:3)
  2 vault wardens (Vaults:3)
  2 ironheart preservers
  4 emperor scorpions
  3 stone giants
  A deep elf annihilator (Elf:3)
  7 crystal guardians (Elf:3)
  A vault guard (Vaults:4)
  A merfolk impaler (Shoals:1)
  A merfolk javelineer (Shoals:5)
  A jiangshi (Crypt:1)
  A deep elf death mage (Elf:3)
  A yaktaur captain (Vaults:2)
  An entropy weaver (Spider:4)
  An entropy weaver (shapeshifter) (Vaults:2)
  A centaur warrior (Depths:2)
  A dancing weapon (Elf:2)
  A deep troll shaman (Depths:2)
  A salamander stormcaller (Vaults:3)
  A satyr (Shoals:4)
  A tengu warrior (Depths:2)
  A skeletal warrior (Crypt:1)
  A sea snake (Lair:6)
  3 deep elf knights
  A deep troll (Depths:2)
  An ice devil (Elf:3)
  A phantasmal warrior (Crypt:1)
  5 orc knights
  3 harpies
  2 griffons
  6 fauns
  5 orb spiders (Spider:5)
  2 cyclopes
  An anaconda skeleton (Crypt:2)
  An ugly thing (Vaults:1)
  4 hornets (Spider:2)
  A stone giant zombie (Vaults:3)
  A manticore (Shoals:2)
  A sixfirhy (Elf:3)
  4 sirens
  A drowned soul (Shoals:5)
  A water nymph (Shoals:5)
  A komodo dragon (Lair:5)
  2 catoblepas zombies (Crypt:1)
  A kobold demonologist (Vaults:1)
  A spiny frog (Lair:8)
  4 yaktaurs
  3 demonic crawlers
  An efreet (D:15)
  7 jumping spiders
  2 deep elf priests
  An anaconda simulacrum (Crypt:1)
  12 merfolk
  A two-headed ogre (Vaults:4)
  A fire dragon zombie (Crypt:2)
  A boulder beetle (Spider:5)
  2 snapping turtles
  2 spriggans
  7 trapdoor spiders
  9 redbacks
  A shadow (D:12)
  3 tarantellas
  A yak (Lair:5)
  3 water elementals
  6 deep elf fighters
  A vampire mosquito (Vaults:3)
  3 wolves (Lair:8)
  A mottled dragon (Vaults:2)
  3 orc warriors
  A water moccasin (Lair:5)
  7 spiders
  3 wasps
  2 ogres
  2 crocodiles
  A human zombie (Vaults:3)
  A scorpion (Spider:5)
  2 orc wizards
  A mummy (Crypt:1)
  8 river rats
  A shadow imp (D:12)
  9 orcs
  2 tentacles
204 creatures vanquished.

Vanquished Creatures (others)
  8 sphinxes
  3 vault guards (Vaults:5)
  28 harpies
  An iron troll (Depths:1)
  10 manticores
  13 lindwurms
  An air elemental (Vaults:5)
  4 drowned souls
  A fire elemental (Depths:1)
  A yak (Lair:8)
  7 wargs
  13 wolves
  5 lost souls
  7 hounds
  An orc priest (Vaults:5)
  An orc (Orc:4)
  8 fungi
  8 plants
  26 tentacles
  433 tentacle segments
579 creatures vanquished.

Grand Total: 3362 creatures vanquished

Notes
Turn   | Place    | Note
--------------------------------------------------------------
     0 | D:1      | nubinia, the Octopode Fire Elementalist, began the quest for the Orb.
     0 | D:1      | Reached XP level 1. HP: 11/11 MP: 3/3
   352 | D:1      | Reached XP level 2. HP: 17/17 MP: 3/5
   377 | D:1      | Learned a level 2 spell: Throw Flame
  1181 | D:1      | Reached XP level 3. HP: 21/21 MP: 4/6
  1861 | D:2      | Reached XP level 4. HP: 15/27 MP: 5/7
  2451 | D:2      | You fall through a shaft for 2 floors!
  3012 | D:3      | Reached XP level 5. HP: 32/32 MP: 6/8
  3051 | D:3      | Noticed Terence
  3077 | D:2      | Reached skill level 4 in Stealth
  3499 | D:3      | Gained mutation: You passively map a small area around you. [potion of mutation]
  3499 | D:3      | Gained mutation: You evolve. [potion of mutation]
  4107 | D:3      | Learned a level 3 spell: Conjure Flame
  4118 | D:3      | Found a bloodstained altar of Trog.
  4120 | D:3      | Reached XP level 6. HP: 35/37 MP: 7/10
  5047 | D:4      | Reached skill level 1 in Fighting
  5097 | D:4      | Learned a level 4 spell: Sticky Flame
  5213 | D:4      | Reached XP level 7. HP: 43/43 MP: 7/11
  5634 | D:3      | Found a shattered altar of Ashenzari.
  5874 | D:3      | Killed Terence
  6305 | D:5      | Entered Level 5 of the Dungeon
  6449 | D:5      | Noticed Fluffy's ghost (experienced TrMo)
  6497 | D:5      | Reached skill level 5 in Stealth
  6504 | D:5      | Gained mutation: You heal slowly when monsters are visible. [evolution]
  7099 | D:5      | Reached skill level 5 in Conjurations
  7264 | D:5      | Noticed a yak
  7269 | D:5      | Killed a yak
  7269 | D:5      | Reached XP level 8. HP: 37/48 MP: 8/13
  7484 | D:6      | Found a snail-covered altar of Cheibriados.
  7724 | D:6      | Found a shadowy altar of Dithmenos.
  7998 | D:6      | Reached skill level 5 in Fire Magic
  8610 | D:6      | Found an iron altar of Okawaru.
  8764 | D:6      | Found a sparkling altar of Nemelex Xobeh.
  8802 | D:6      | Gained mutation: You are agile. (Dex +2) [evolution]
  8974 | D:6      | Reached skill level 6 in Conjurations
  9149 | D:7      | Found Uromaoq's Assorted Antiques.
  9154 | D:7      | Bought a coral ring for 100 gold pieces
  9154 | D:7      | Bought a scroll labeled ULOXZU SUGHOIL for 20 gold pieces
  9301 | D:7      | Found a staircase to the Ecumenical Temple.
  9318 | Temple   | Entered the Ecumenical Temple
  9451 | Temple   | Became a worshipper of Vehumet
  9531 | D:7      | Reached skill level 5 in Spellcasting
  9737 | D:7      | Reached XP level 9. HP: 50/54 MP: 11/16
  9757 | D:6      | Found an opulent altar of Gozag.
 10563 | D:7      | Reached skill level 7 in Conjurations
 10854 | D:7      | Reached skill level 1 in Short Blades
 11499 | D:8      | Noticed kal9871's ghost (experienced SpAK)
 12084 | D:8      | Found a glowing golden altar of the Shining One.
 12409 | D:9      | Acquired Vehumet's first power
 12409 | D:9      | Offered knowledge of Sting by Vehumet.
 12416 | D:9      | Learned a level 1 spell: Sting
 12421 | D:9      | Found a staircase to the Orcish Mines.
 12428 | D:9      | Reached skill level 1 in Throwing
 12448 | D:9      | Reached skill level 1 in Poison Magic
 12740 | D:9      | Reached XP level 10. HP: 60/62 MP: 14/19
 12982 | D:9      | Reached skill level 8 in Conjurations
 13958 | D:8      | Found a staircase to the Lair.
 13959 | D:8      | Noticed Erolcha
 13960 | D:8      | Upgraded the game from 0.17-a0-547-g5e20af8 to 0.17-a0-562-gfd539b1
 13985 | D:8      | Learned a level 5 spell: Fireball
 14004 | D:8      | Offered knowledge of Freeze by Vehumet.
 14025 | D:8      | Noticed a komodo dragon
 14034 | D:8      | Killed Erolcha
 14068 | D:8      | Killed a komodo dragon
 14207 | Lair:1   | Entered Level 1 of the Lair of Beasts
 14236 | Lair:1   | Reached skill level 5 in Dodging
 14261 | Lair:1   | Lost mutation: You heal slowly when monsters are visible. [evolution]
 14832 | Lair:1   | Reached XP level 11. HP: 67/67 MP: 12/21
 15146 | Lair:1   | Reached skill level 9 in Conjurations
 16033 | Lair:2   | Offered knowledge of Searing Ray by Vehumet.
 16037 | Lair:2   | Learned a level 2 spell: Searing Ray
 16408 | Lair:2   | Learned a level 5 spell: Iskenderun's Battlesphere
 16505 | Lair:2   | Reached skill level 1 in Charms
 16935 | Lair:2   | Acquired Vehumet's second power
 17060 | Lair:2   | Learned a level 1 spell: Magic Dart
 17192 | Lair:2   | Reached skill level 5 in Poison Magic
 17950 | Lair:3   | Gained mutation: You are partially covered in icy blue scales (AC +1). [evolution]
 17966 | Lair:3   | Offered knowledge of Stone Arrow by Vehumet.
 18300 | Lair:3   | Reached XP level 12. HP: 72/72 MP: 17/23
 18443 | Lair:3   | Reached skill level 1 in Polearms
 18480 | Lair:3   | Reached skill level 5 in Charms
 18759 | Lair:3   | Reached skill level 10 in Conjurations
 19025 | Lair:4   | Learned a level 3 spell: Call Canine Familiar
 19185 | Lair:4   | Reached skill level 5 in Summonings
 19411 | Lair:4   | Got a slimy rapier
 19412 | Lair:4   | Identified the +1 rapier "Killer Bee's Curse" {pierce, MR+} (You found it on level 4 of the Lair of Beasts)
 19555 | Lair:4   | Acquired Vehumet's third power
 19923 | Lair:4   | Offered knowledge of Irradiate by Vehumet.
 20541 | Lair:5   | Noticed a seven-headed hydra
 21763 | Lair:5   | Killed a seven-headed hydra
 21763 | Lair:5   | Reached XP level 13. HP: 79/79 MP: 14/25
 22058 | Lair:6   | Found a staircase to the Shoals.
 22186 | Lair:6   | Found a hole to the Spider Nest.
 22338 | Lair:6   | Reached skill level 10 in Stealth
 22603 | Lair:7   | Reached skill level 11 in Conjurations
 22711 | Lair:7   | Offered knowledge of Freezing Cloud by Vehumet.
 22847 | Lair:7   | Reached skill level 1 in Shields
 23208 | Lair:7   | Reached skill level 1 in Evocations
 23669 | Lair:7   | Reached skill level 5 in Evocations
 24512 | Lair:8   | Entered Level 8 of the Lair of Beasts
 25435 | Lair:8   | Reached XP level 14. HP: 81/85 MP: 12/27
 25457 | Lair:8   | Reached skill level 10 in Spellcasting
 25612 | Lair:8   | Found a staircase to the Slime Pits.
 26972 | Lair:8   | Got a coiled copper ring
 26973 | Lair:8   | Identified the ring "Fearheu" {SustAb MP+9 Str+6} (You found it on level 8 of the Lair of Beasts)
 27470 | Lair:4   | Learned a level 5 spell: Bolt of Draining
 27472 | Lair:4   | Learned a level 1 spell: Summon Butterflies
 27814 | D:9      | Found a deep blue altar of Sif Muna.
 28386 | Orc:1    | Entered Level 1 of the Orcish Mines
 29134 | Orc:2    | Offered knowledge of Ignite Poison by Vehumet.
 29149 | Orc:2    | Found a dark tunnel.
 29163 | Volcano  | Entered a volcano
 29735 | Orc:1    | Noticed Snorg
 29904 | Orc:2    | Killed Snorg
 30246 | Orc:3    | Found a staircase to the Elven Halls.
 30619 | Orc:3    | Found a bloodstained altar of Trog.
 30734 | Orc:3    | Noticed an orc warlord
 30922 | Orc:2    | Found Ipizecuz's Food Emporium.
 30949 | Orc:4    | Entered Level 4 of the Orcish Mines
 31003 | Orc:4    | Found Wiossioc's Jewellery Shoppe.
 31007 | Orc:4    | Bought an uncursed ring of protection from cold for 275 gold pieces
 31270 | Orc:4    | Offered knowledge of Poison Arrow by Vehumet.
 31446 | Orc:4    | Noticed Saint Roka
 31451 | Orc:4    | Reached skill level 10 in Summonings
 31947 | Orc:4    | Found a roughly hewn altar of Beogh.
 32480 | Orc:4    | HP: 3/86 [Saint Roka/divine providence (14)]
 33127 | Orc:4    | Gained mutation: You have a pair of small antennae on your head. [evolution]
 33421 | Orc:4    | Found Jaatemys's General Store.
 33427 | Orc:4    | Bought the ring "Futoo" {MP+9 Str+4 Dex+4} for 508 gold pieces
 33724 | Orc:4    | Found Dyhofayps's Quality Used Wands.
 33780 | Orc:4    | Noticed Rupert
 33790 | Orc:4    | Killed Rupert
 33790 | Orc:4    | Reached skill level 12 in Summonings
 34252 | Orc:4    | Found Cistaeff's Book Boutique.
 34429 | Orc:4    | Found Ulux Wank's Antique Weapon Boutique.
 34435 | Orc:4    | Bought an encrusted blowgun for 180 gold pieces
 34445 | Orc:4    | Found Mouhuydgh's Antique Armour Boutique.
 34574 | Orc:3    | Killed an orc warlord
 34574 | Orc:3    | Reached skill level 13 in Summonings
 34574 | Orc:3    | Reached XP level 15. HP: 83/90 MP: 28/29
 34731 | Orc:3    | Offered knowledge of Poisonous Cloud by Vehumet.
 35216 | Orc:3    | Found a roughly hewn altar of Beogh.
 35230 | Orc:3    | Reached skill level 14 in Summonings
 35336 | Orc:3    | Identified the cursed +1 blowgun of Flawed Execution {evade, rPois rF+++ Stlth-} (You bought it in a shop on level 4 of the Orcish Mines)
 35852 | Shoals:1 | Entered Level 1 of the Shoals
 35853 | Shoals:1 | Noticed an octopode crusher
 35861 | Shoals:1 | Killed an octopode crusher
 36840 | Lair:4   | Learned a level 6 spell: Monstrous Menagerie
 38402 | Shoals:2 | Reached skill level 5 in Shields
 38578 | Shoals:2 | Found Seusoc's Book Shoppe.
 38750 | Shoals:2 | Offered knowledge of Iron Shot by Vehumet.
 38835 | Shoals:2 | Reached XP level 16. HP: 97/97 MP: 31/31
 40153 | Shoals:3 | Noticed a kraken
 40165 | Shoals:3 | Killed a kraken
 40583 | Shoals:3 | Learned a level 2 spell: Shroud of Golubria
 40935 | Shoals:3 | Gained mutation: You are resistant to hostile enchantments. [evolution]
 40963 | Shoals:4 | Reached skill level 10 in Fire Magic
 41488 | Shoals:4 | Reached skill level 15 in Summonings
 41532 | Shoals:4 | Offered knowledge of Delayed Fireball by Vehumet.
 41541 | Shoals:4 | Learned a level 7 spell: Delayed Fireball
 42186 | D:10     | Entered Level 10 of the Dungeon
 42235 | D:10     | Found a flagged portal.
 42256 | Bailey   | Entered a bailey
 42385 | Bailey   | Got a warped shield
 42396 | Bailey   | Identified the +5 shield of Death Resistance {Contam rF+ Str-5 Int+8} (You found it in a bailey)
 44158 | D:12     | Noticed Maud
 44166 | D:12     | Killed Maud
 44773 | D:13     | Offered knowledge of Bolt of Fire by Vehumet.
 45649 | D:13     | Found a gate to the Vaults.
 45652 | D:13     | Reached XP level 17. HP: 101/101 MP: 33/33
 46118 | Lair:4   | Upgraded the game from 0.17-a0-562-gfd539b1 to 0.17-a0-587-g4707e02
 46214 | Spider:1 | Entered Level 1 of the Spider Nest
 46324 | Spider:1 | Reached skill level 5 in Fighting
 47753 | Spider:2 | Learned a level 2 spell: Swiftness
 47810 | Spider:2 | Noticed Arachne
 47821 | Spider:2 | Killed Arachne
 48274 | Spider:2 | Got a smoking flail
 48275 | Spider:2 | Identified the +8 flail "Dasooher" {drain, +Rage MR+} (You found it on level 2 of the Spider Nest)
 49894 | Spider:3 | Gained mutation: You have a pair of antennae on your head. [evolution]
 49985 | Spider:3 | Found a roughly hewn altar of Beogh.
 49995 | Spider:3 | Offered knowledge of Lehudib's Crystal Spear by Vehumet.
 49995 | Spider:3 | Offered knowledge of Fire Storm by Vehumet.
 49995 | Spider:3 | Offered knowledge of Shatter by Vehumet.
 50292 | Spider:4 | Noticed Donald
 50299 | Spider:4 | Killed Donald
 51814 | Spider:5 | Entered Level 5 of the Spider Nest
 52075 | Spider:5 | Gained mutation: You have an increased reservoir of magic (+10% MP). [potion of beneficial mutation]
 52090 | Spider:5 | Reached XP level 18. HP: 108/108 MP: 38/38
 52481 | Spider:5 | Reached skill level 1 in Translocations
 53023 | Spider:5 | Learned a level 3 spell: Dazzling Spray
 53730 | Spider:5 | Gained mutation: You can breathe flames. [evolution]
 53967 | Spider:5 | Got a gossamer rune of Zot
 54310 | Shoals:5 | Entered Level 5 of the Shoals
 54310 | Shoals:5 | Found Mohi's Book Emporium.
 54814 | Shoals:5 | Noticed Ilsuiw
 54817 | Shoals:5 | Killed Ilsuiw
 56148 | Shoals:5 | Got a barnacled rune of Zot
 56675 | Vaults:1 | Entered Level 1 of the Vaults
 56860 | Vaults:1 | Noticed Nikola
 56871 | Vaults:1 | Killed Nikola
 57128 | Vaults:1 | Found Mohairi's Weapon Boutique.
 57407 | Vaults:1 | Reached skill level 16 in Summonings
 57509 | Vaults:1 | Reached XP level 19. HP: 114/114 MP: 41/41
 57822 | Vaults:1 | Noticed Jorgrun
 57826 | Vaults:1 | Killed Jorgrun
 58121 | Vaults:1 | Noticed Asterion
 58142 | Vaults:1 | Killed Asterion
 58318 | Vaults:1 | Upgraded the game from 0.17-a0-587-g4707e02 to 0.17-a0-627-g5cb7d3e
 58437 | Vaults:2 | Lost mutation: You can breathe flames. [evolution]
 59395 | Vaults:2 | Reached skill level 15 in Spellcasting
 59662 | Vaults:2 | Found Feadda's Food Emporium.
 61139 | Elf:1    | Entered Level 1 of the Elven Halls
 61837 | Elf:1    | Reached XP level 20. HP: 121/121 MP: 43/43
 62780 | Shoals:5 | Bought a book of Air for 455 gold pieces
 62783 | Shoals:5 | Learned a level 2 spell: Repel Missiles
 62789 | Shoals:5 | Learned a level 5 spell: Lightning Bolt
 63182 | Elf:2    | Got a steaming shortbow
 63183 | Elf:2    | Identified the +8 shortbow of Wovelacu {freeze, Str+2 Int+3 Dex-2} (You found it on level 2 of the Elven Halls)
 63390 | Elf:2    | Found a runed gate.
 63390 | Elf:2    | Found a runed gate.
 63429 | Elf:2    | Found a runed gate.
 63553 | Elf:2    | Reached skill level 15 in Conjurations
 64785 | Elf:3    | Entered Level 3 of the Elven Halls
 64872 | Elf:3    | Got a dazzling hunting sling
 64873 | Elf:3    | Identified the +11 hunting sling of Modesty {flame, MP+9 Int+3 Dex+3} (You found it on level 3 of the Elven Halls)
 65521 | Elf:3    | Reached skill level 10 in Dodging
 65543 | Elf:3    | Got a transparent morningstar
 65544 | Elf:3    | Identified the +9 morningstar "Sezogeos" {flame, +Blink rPois MP-9 SInv} (You took it off a deep elf high priest on level 3 of the Elven Halls)
 66066 | Elf:3    | Gained mutation: You passively map the area around you. [evolution]
 66066 | Elf:3    | Lost mutation: You evolve. [end of evolution]
 66460 | Elf:3    | Got a wavering bronze amulet
 66461 | Elf:3    | Got a twisted mace
 66462 | Elf:3    | Identified the +5 mace of the Hierophant {flame, rPois Dex+3} (You took it off a deep elf death mage on level 3 of the Elven Halls)
 66465 | Elf:3    | Identified the amulet "Dece" {Stasis +Inv +Fly Dex+3} (You took it off a deep elf death mage on level 3 of the Elven Halls)
 66754 | Elf:3    | Got a brightly glowing war axe
 66755 | Elf:3    | Identified the +8 war axe "Fyk Neoh" {chop, rC+ Dex+2} (You took it off a deep elf annihilator on level 3 of the Elven Halls)
 66760 | Elf:3    | Got an ancient mace
 66761 | Elf:3    | Identified the +6 mace "Seidgh" {venom, rN+} (You took it off a deep elf annihilator on level 3 of the Elven Halls)
 66766 | Elf:3    | Got a shimmering falchion
 66767 | Elf:3    | Identified the +9 falchion of Conflict {speed, +Rage Int+2} (You took it off a deep elf demonologist on level 3 of the Elven Halls)
 67521 | Elf:3    | Learned a level 1 spell: Apportation
 67967 | Vaults:3 | Reached XP level 21. HP: 126/126 MP: 45/45
 68651 | D:5      | Killed Fluffy's ghost
 70335 | Vaults:3 | Identified a cursed +6 rod of the swarm (12/12) (You found it on level 3 of the Vaults)
 70350 | Vaults:3 | Reached skill level 1 in Slings
 70561 | Vaults:3 | Reached skill level 17 in Spellcasting
 71012 | Vaults:3 | Found a staircase to the Crypt.
 71012 | Vaults:3 | Found an ancient bone altar of Kikubaaqudgha.
 71012 | Vaults:3 | Found a basalt altar of Yredelemnul.
 71428 | Vaults:3 | Found a portal to a secret trove of treasure.
 72111 | Crypt:1  | Entered Level 1 of the Crypt
 72329 | Crypt:1  | Reached skill level 15 in Stealth
 72403 | Crypt:1  | Paralysed by a vampire knight for 7 turns
 73264 | Crypt:1  | Reached XP level 22. HP: 132/132 MP: 46/47
 73837 | Crypt:2  | Reached skill level 10 in Shields
 74040 | Crypt:2  | Upgraded the game from 0.17-a0-627-g5cb7d3e to 0.17-a0-649-g87edefa
 74993 | Crypt:3  | Entered Level 3 of the Crypt
 75967 | Crypt:3  | Noticed an ancient lich
 76359 | Crypt:3  | Reached skill level 5 in Slings
 76534 | Crypt:3  | Found a staircase to the Tomb.
 77233 | Crypt:3  | Killed an ancient lich
 77234 | Crypt:3  | Reached skill level 18 in Spellcasting
 77408 | Crypt:3  | Got a warped spear
 77409 | Crypt:3  | Identified the +3 spear of Biywk {freeze, *Rage rPois Str+8} (You found it on level 3 of the Crypt)
 77417 | Crypt:3  | Identified Khufu's Papyrus of Evil
 77435 | Crypt:3  | Identified the Incunabulum of Supportive Arcane Weapons
 77440 | Crypt:3  | Learned a level 3 spell: Abjuration
 77444 | Crypt:3  | Got a transparent emerald amulet
 77445 | Crypt:3  | Identified the amulet "Yxacoad" {Inacc rPois} (You found it on level 3 of the Crypt)
 78080 | Vaults:4 | Reached XP level 23. HP: 137/137 MP: 49/49
 81092 | D:15     | Entered Level 15 of the Dungeon
 81130 | D:15     | Gained mutation: You are robust (+10% HP). [potion of beneficial mutation]
 81512 | D:15     | Learned a level 4 spell: Iskenderun's Mystic Blast
 81745 | D:15     | Found a staircase to the Depths.
 81981 | Depths:1 | Entered Level 1 of the Depths
 82025 | Depths:1 | Found Xeqof's General Store.
 82032 | Depths:1 | Found a one-way gate to the infinite horrors of the Abyss.
 82083 | Depths:1 | Reached skill level 5 in Short Blades
 82230 | Depths:1 | Identified the Handbook of Evil Rites
 82784 | Depths:1 | Bought a scroll of identify for 26 gold pieces
 84663 | Vaults:3 | Gained mutation: You expend magic power (3 MP) to strengthen your wands. [mutagenic glow]
 85179 | Depths:1 | Found a gateway to Hell.
 85207 | Depths:1 | Found Heenad's General Store.
 85436 | Depths:1 | Reached skill level 10 in Charms
 85451 | Depths:1 | Reached XP level 24. HP: 126/157 MP: 28/50
 85481 | Depths:1 | Reached skill level 19 in Spellcasting
 85637 | Depths:1 | Noticed Fusha's ghost (mighty TrAK)
 85643 | Depths:1 | Killed Fusha's ghost
 85800 | Depths:1 | Bought a potion of heal wounds for 70 gold pieces
 85842 | Depths:1 | Reached skill level 15 in Fire Magic
 86793 | Depths:1 | Found Kobboxos's General Store.
 88231 | Depths:2 | Found a glowing golden altar of the Shining One.
 88232 | Depths:2 | Found an opulent altar of Gozag.
 88232 | Depths:2 | Found a bloodstained altar of Trog.
 90635 | Depths:2 | Got a brightly glowing dagger
 90636 | Depths:2 | Identified the +11 dagger "Akhlinto" {freeze, Contam +Rage +Inv Str-3} (You took it off a spriggan air mage on level 2 of the Depths)
 90637 | Depths:2 | Gained mutation: You are weak. (Str -2) [mutagenic glow]
 90675 | Depths:2 | Reached XP level 25. HP: 163/163 MP: 51/51
 90960 | Depths:2 | Reached skill level 1 in Air Magic
 91115 | Depths:2 | Reached skill level 20 in Spellcasting
 91388 | Depths:2 | Identified a scroll of acquirement
 91998 | Depths:3 | Found Gixojiut's Magic Scroll Shop.
 92054 | Depths:3 | Found Ront's Assorted Antiques.
 92081 | Depths:3 | Bought a scroll of enchant armour for 225 gold pieces
 92082 | Depths:3 | Bought a paperback book for 450 gold pieces
 92082 | Depths:3 | Bought a hardcover book for 450 gold pieces
 93418 | Lair:4   | Learned a level 6 spell: Deflect Missiles
 94454 | Depths:3 | Found Mositam's Jewellery Shoppe.
 94468 | Depths:3 | Bought an uncursed amulet of warding for 330 gold pieces
 94468 | Depths:3 | Bought a +5 ring of protection for 1210 gold pieces
 94472 | Depths:3 | Upgraded the game from 0.17-a0-649-g87edefa to 0.17-a0-670-g5d95ebd
 94493 | Depths:3 | Found Ykirutut's Food Emporium.
 94528 | Depths:3 | Found a one-way gate leading to the halls of Pandemonium.
 94583 | Depths:3 | Found Zokutiz's Jewellery Emporium.
 95968 | Vaults:3 | You paid a toll of 2 scrolls of acquirement to enter a treasure trove
 95969 | Trove    | Entered a treasure trove
 95982 | Trove    | Got a brightly glowing iron ring
 95984 | Trove    | Got an ancient ivory amulet
 96000 | Trove    | Got a sparkling brass ring
 96008 | Trove    | Identified the ring of Rypuc {rF+ MP+9 Int+2} (You found it in a treasure trove)
 96010 | Trove    | Identified the amulet of Xom's Best Wishes {rMut rElec} (You found it in a treasure trove)
 96020 | Trove    | Identified the ring of Linearity {Dex+7 Stlth+} (You found it in a treasure trove)
 96552 | Shoals:2 | Bought a book of Spatial Translocations for 1235 gold pieces
 96555 | Shoals:2 | Learned a level 2 spell: Blink
 97046 | Vaults:4 | Reached skill level 5 in Air Magic
 97104 | Vaults:5 | Entered Level 5 of the Vaults
 97108 | Vaults:5 | Noticed an ancient lich
 97470 | Vaults:5 | Noticed an ancient lich
 98426 | Shoals:5 | Bought a book of Dreams for 975 gold pieces
 98670 | D:8      | Killed kal9871's ghost
 99015 | Crypt:3  | Learned a level 5 spell: Phase Shift
 99753 | Vaults:4 | Reached skill level 5 in Translocations
100397 | Vaults:4 | Paralysed by a sphinx for 3 turns
100399 | Vaults:4 | Mangled by a phantasmal warrior

Action                   |  1- 3 |  4- 6 |  7- 9 | 10-12 | 13-15 | 16-18 | 19-21 | 22-24 | 25-27 || total
-------------------------+-------+-------+-------+-------+-------+-------+-------+-------+-------++-------
Melee: Unarmed           |    31 |       |       |       |       |       |       |       |       ||    31
       Dagger            |       |    49 |   140 |    77 |   321 |   608 |   262 |   155 |   148 ||  1760
       Trident           |       |       |     1 |    78 |    35 |       |       |       |       ||   114
 Fire: Blowgun           |       |       |     9 |    37 |    62 |     1 |       |     1 |       ||   110
       Hunting sling     |       |       |       |       |       |       |   139 |   822 |   213 ||  1174
 Cast: Flame Tongue      |    43 |    80 |    87 |    96 |   120 |    20 |    16 |       |       ||   462
       Throw Flame       |     8 |    33 |    69 |    87 |   197 |   202 |   149 |    31 |    30 ||   806
       Sticky Flame      |       |       |    15 |    46 |    76 |    76 |    67 |   137 |    45 ||   462
       Conjure Flame     |       |       |     3 |    12 |     3 |     2 |     8 |     9 |     1 ||    38
       Fireball          |       |       |       |    23 |   129 |   163 |   274 |   438 |   115 ||  1142
       Magic Dart        |       |       |       |    79 |   179 |    44 |    34 |    17 |     1 ||   354
       Sting             |       |       |       |    25 |     1 |       |       |       |       ||    26
       Iskenderun's Batt |       |       |       |    45 |   167 |   131 |   141 |   164 |    40 ||   688
       Searing Ray       |       |       |       |    13 |       |       |       |       |       ||    13
       Call Canine Famil |       |       |       |    11 |    66 |     1 |       |       |       ||    78
       Bolt of Draining  |       |       |       |       |    15 |       |       |       |       ||    15
       Monstrous Menager |       |       |       |       |    11 |    95 |    67 |    16 |     3 ||   192
       Shroud of Golubri |       |       |       |       |       |    26 |     8 |    14 |    13 ||    61
       Delayed Fireball  |       |       |       |       |       |     2 |     4 |     3 |       ||     9
       Dazzling Spray    |       |       |       |       |       |       |    69 |    72 |     5 ||   146
       Swiftness         |       |       |       |       |       |       |     2 |     3 |     1 ||     6
       Repel Missiles    |       |       |       |       |       |       |     2 |     2 |       ||     4
       Iskenderun's Myst |       |       |       |       |       |       |       |    41 |    76 ||   117
       Phase Shift       |       |       |       |       |       |       |       |       |     6 ||     6
       Blink             |       |       |       |       |       |       |       |       |     3 ||     3
       Deflect Missiles  |       |       |       |       |       |       |       |       |     2 ||     2
 Abil: Evoke Teleportati |       |       |       |       |     2 |       |       |       |       ||     2
       Evoke Invisibilit |       |       |       |       |     2 |       |       |       |       ||     2
       Release Delayed F |       |       |       |       |       |     1 |     4 |     3 |       ||     8
       Breathe Fire      |       |       |       |       |       |     1 |       |       |       ||     1
       Evoke Teleport Co |       |       |       |       |       |       |       |     1 |       ||     1
Evoke: Lamp of fire      |       |       |       |       |     2 |     1 |       |     2 |     1 ||     6
       Wand              |       |       |       |       |     2 |     1 |     6 |     2 |     8 ||    19
       Phial of floods   |       |       |       |       |       |     1 |       |       |     1 ||     2
       Fan of gales      |       |       |       |       |       |       |       |       |     2 ||     2
  Use: Scroll            |     3 |     8 |    10 |     6 |    14 |    16 |    15 |    18 |     8 ||    98
       Potion            |     1 |     1 |     1 |     2 |     6 |     4 |       |     5 |     2 ||    22
 Stab: Sleeping          |     1 |     4 |    20 |    23 |    25 |    74 |    42 |    15 |     1 ||   205
       Distracted        |       |       |       |     3 |     4 |    16 |     4 |     1 |     6 ||    34
       Invisible         |       |       |       |       |     3 |       |     3 |     1 |     1 ||     8
       Confused          |       |       |       |       |       |     1 |       |       |       ||     1
       Paralysed         |       |       |       |       |       |     2 |       |       |       ||     2
  Eat: Chunk             |     4 |    12 |    26 |    44 |   114 |   102 |    56 |    42 |    49 ||   449
       Royal jelly       |       |       |       |     2 |       |       |       |       |       ||     2
       Pizza             |       |       |       |     1 |     1 |       |       |     1 |       ||     3
       Beef jerky        |       |       |       |       |     2 |       |       |       |       ||     2
       Fruit             |       |       |       |       |     1 |       |       |       |       ||     1
       Bread ration      |       |       |       |       |       |       |       |     2 |       ||     2
       Meat ration       |       |       |       |       |       |       |       |     1 |       ||     1
